Unix NetHack Version 3.7.0-102 Work-in-progress - last build Apr 6 2024 13:22:21 (d302a6a9ff6341f1a922d8f5af178406b35fdf99,branch:master). Game began 2024-05-03 20:34:25, ended 2024-05-04 14:26:21. farfar, chaotic female human Monk ---------#--- #............| ------- #|............# |>....| #-------------0#######-.....| #### ## |../..| # --|---- # # # # # # # ### # ---.---%-- -- # |......%.| --j-- # |........| --..@--# |........| -.....-# |........| --...-- |....<...| --.-- |........| -- ---------- Farfar the Initiate St:17 Dx:14 Co:18 In:10 Wi:13 Ch:12 Chaotic S:18799 Dlvl:10 $:1097 HP:0(70) Pw:49(49) AC:-1 Xp:9/4176 T:7347 Latest messages: You kill the warhorse! There are two objects here. You learn more about your items by comparing them. i - an uncursed scroll of identify (3 in total). You see here 91 gold pieces. $ - 91 gold pieces (1097 in total). You descend the stairs. Pick an object. q a quadruped (leocrotta) You hear a door open. You find a giant ant posing as a statue. You hit the giant ant! You kill the giant ant! The leocrotta hits! The leocrotta misses! The leocrotta just misses! You hit the leocrotta! You hit the leocrotta! The leocrotta misses! The leocrotta misses! The leocrotta hits! You kill the leocrotta! You see here a leocrotta corpse. You hit the owlbear! You hit the owlbear! You hit the owlbear! You kill the owlbear! There is a doorway here. There are two objects here. You see here a wand of speed monster. Your knapsack cannot accommodate any more items. You descend the stairs. You hit the yellow light! The yellow light explodes at a spot in thin air! You climb up the stairs. The door opens. With great effort you move the boulder. You find a hidden passage. The door opens. You hit the spotted jelly! You are splashed by the spotted jelly's acid! You hit the spotted jelly! You hit the spotted jelly! You are splashed by the spotted jelly's acid! You die... Do you want your possessions identified? [ynq] (y) Do you want to see your attributes? [ynq] (y) Do you want an account of creatures vanquished? [ynaq] (y) Do you want to see your conduct and achievements? [ynq] (y) Do you want to see the dungeon overview? [ynq] (y) Inventory: Coins $ - 1097 gold pieces Weapons I - the blessed rustproof +2 Frost Brand C - the rustproof +0 Stormbringer (alternate weapon; not wielded) Armor a - an uncursed burnt +2 pair of leather gloves (being worn) j - a blessed +2 pair of speed boots (being worn) b - an uncursed +1 robe (being worn) Comestibles f - 6 uncursed food rations Scrolls W - 2 uncursed scrolls of amnesia T - an uncursed scroll of charging q - a blessed scroll of create monster R - an uncursed scroll of create monster K - 3 uncursed scrolls of enchant armor named 40z c - 3 uncursed scrolls of enchant weapon named 30z g - an uncursed scroll of gold detection i - 3 uncursed scrolls of identify E - an uncursed scroll of magic mapping named 50z s - 2 uncursed scrolls of remove curse named 40z v - an uncursed scroll of taming m - a blessed scroll of teleportation Spellbooks y - a cursed spellbook of detect monsters Potions p - a blessed potion of blindness r - an uncursed potion of blindness F - an uncursed potion of extra healing named 50z h - 3 uncursed potions of full healing named 75z u - a cursed potion of hallucination X - an uncursed potion of invisibility D - an uncursed potion of restore ability named 50z P - an uncursed potion of water Rings H - an uncursed ring of cold resistance k - an uncursed ring of free action (on right hand) G - a blessed +1 ring of increase damage named 75z A - an uncursed ring of invisibility named 75z (on left hand) z - an uncursed ring of shock resistance named 75z x - an uncursed ring of stealth Wands J - a wand of create monster (0:6) d - a wand of digging (0:8) U - a wand of digging (0:7) B - a wand of digging (0:6) n - a wand of magic missile named 75z (0:8) t - a wand of secret door detection (0:14) O - a wand of sleep (0:5) e - a wand of striking named striking (0:6) Q - a wand of undead turning (0:4) Tools o - an uncursed skeleton key N - a blessed tallow candle Z - an uncursed tallow candle Gems/Stones M - an uncursed diamond l - 2 uncursed emeralds Y - 4 uncursed rubies L - 2 uncursed topaz stones w - 2 uncursed worthless pieces of black glass V - an uncursed worthless piece of blue glass S - an uncursed luckstone Farfar the Monk's attributes: Background: You were an Initiate, a level 9 female human Monk. You were chaotic, on a mission for Huan Ti who was opposed by Shan Lai Ching (lawful) and Chih Sung-tzu (neutral). You were right-handed. You were in the Dungeons of Doom, on level 10. You entered the dungeon 7347 turns ago. You had 4176 experience points, 944 more were needed to attain level 10. Your score was 18799 before end-of-game adjustments. Basics: You had 0 out of 70 hit points. You had all 49 energy points (spell power). Your armor class was -1. Your wallet contained 1097 zorkmids. Autopickup was off. Final Characteristics: Your strength was 17 (limit:18/100). Your dexterity was 14 (limit:18). Your constitution was 18 (limit:18). Your intelligence was 10 (limit:18). Your wisdom was 13 (limit:18). Your charisma was 12 (limit:18). Final Status: You weren't hungry. You were unencumbered. You were empty handed. You had expert skill with martial arts and could have enhanced that. Final Attributes: You were piously aligned. You were sleep resistant. You were poison resistant. You saw invisible. You were telepathic. You were warned. You had automatic searching. You were invisible to others. You were stealthy. You had a small defense bonus (+3). You were guarded. You were very fast. You had free action. You were extremely lucky. You had extra luck. Bad luck did not time out for you. Good luck did not time out for you. You are dead. Miscellaneous: You never encountered a bones level. Total elapsed playing time was 3 hours, 1 minute and 55 seconds. Major events: Turn 1: farfar the chaotic female human Monk entered the dungeon 399: entered the Gnomish Mines 619: attained the rank of Novice (level 3) 1968: entered Sokoban 2394: attained the rank of Initiate (level 6) 2505: reached Mine Town 4421: was bestowed with Stormbringer by Huan Ti 5994: acquired the Mines' End luckstone 6756: was bestowed with Frost Brand by Huan Ti 7347: killed by a spotted jelly Vanquished creatures: a vampire leader a vampire a wumpus a winter wolf 2 small mimics a warhorse an ettin mummy 2 freezing spheres a tengu a leocrotta an elf mummy a gremlin a spotted jelly 4 giant spiders an ice vortex a dwarf mummy 3 owlbears 2 werewolves 3 lizards a jaguar 2 ravens 2 plains centaurs a gnome mummy a soldier ant an imp 14 Mordor orcs a rock piercer 2 yellow lights a violet fungus 15 gnome leaders 3 gnomish wizards 2 kobold mummies a gray ooze 2 elf zombies 2 paper golems a giant ant a little dog 3 floating eyes 17 dwarves 2 kobold leaders 17 hill orcs 12 rothes a monkey 3 orc zombies 4 dwarf zombies a wererat a werejackal 3 iguanas 2 killer bees 3 acid blobs 2 gas spores 5 hobbits 8 manes 3 large kobolds a hobgoblin a giant rat 5 cave spiders 2 red molds 64 gnomes a garter snake 2 gnome zombies 3 geckos 2 jackals 3 foxes a kobold 3 goblins a sewer rat 9 grid bugs 5 lichens 2 kobold zombies 9 newts 283 creatures vanquished. No species were genocided or became extinct. Voluntary challenges: You read items or engraved 29 times. You never engraved Elbereth. You never genocided any monsters. You never polymorphed an object. You never changed form. You used no wishes. You did not violate any of the special Sokoban rules. Achievements: You entered the Gnomish Mines. You attained the rank of Novice. You entered Sokoban. You attained the rank of Initiate. You entered Minetown. You entered a temple. You entered a shop. You completed the Gnomish Mines. The Dungeons of Doom: levels 1 to 11 Level 1: Level 2: Stairs down to The Gnomish Mines. Level 3: A fountain. Level 4: A fountain. Level 5: Some fountains. Level 6: "crystal plate mail" Level 7: Many fountains. Oracle of Delphi. Level 8: A sink. Stairs up to Sokoban, level 7. Level 9: Some fountains. Level 10: <- You were here. Final resting place for you, killed by a spotted jelly. Level 11: The Gnomish Mines: levels 3 to 11 Level 3: Level 4: Level 5: A temple and an altar to Huan Ti, some fountains, some trees. Level 6: Level 7: Level 8: Level 9: Level 10: Level 11: Some fountains. Sokoban: Level 7: Unsolved. Game over: ---------- / \ / REST \ / IN \ / PEACE \ / \ | farfar | | 1097 Au | | killed by a | | spotted jelly | | | | | | 2024 | *| * * * | * _________)/\\_//(\/(/\)/\//\/|_)_______ Goodbye farfar the Monk... You died in The Dungeons of Doom on dungeon level 10 with 18690 points, and 1097 pieces of gold, after 7347 moves. You were level 9 with a maximum of 70 hit points when you died.